AoeStats
← NOT_MY_CUP_OF_TEA

Arabia

510126141Analyzed
1v1 RM · 20h ago on Sep 29, 2026· 32m 56s· 2 players
Game mode
Random Map
Map size
Tiny (2 player)
Population
200
Speed
Normal
Resources
Standard
Victory
Conquest
Starting age
Dark Age
Ending age
Imperial Age
RankedLock teamsTeams togetherTeam positionsShared explorationLock speedFull tech treeHidden civsTurbo modeCheats
Victory
Defeat
🇺🇿 Armenians · Uzbekistan
1400
+16
🇨🇴 Varangians · Colombia
1395
-16
ImTeso24TTV
6:34 Loom
8:47 Feudal Age
9:47 Double-Bit Axe
14:23 Fletching
20:30 Wheelbarrow
23:29 Castle Age
21:22 Horse Collar
22:08 Arson
22:15 Gold Mining
24:07 Bodkin Arrow
23:34 Crossbowman
24:37 Padded Archer Armor
25:55 Scale Mail Armor
26:06 Forging
29:37 Town Watch
30:38 Leather Archer Armor
NOT_MY_CUP_OF_TEA
6:47 Loom
9:31 Feudal Age
9:43 Man-at-Arms
10:47 Arson
12:29 Long Swordsman
15:23 Double-Bit Axe
18:51 Wheelbarrow
21:45 Fletching
25:47 Castle Age
24:42 Gold Mining
24:33 Horse Collar
25:56 Padded Archer Armor
25:51 Two-Handed Swordsman
26:02 Elite Skirmisher
26:39 Bodkin Arrow
26:57 Bow Saw
27:28 Gambesons
28:05 Hand Cart
30:22 Scale Mail Armor
30:45 Squires
30:57 Forging
Connection lost

Rejoining the realm…

Still unreachable

The connection could not be restored.

Session expired

The server has moved on; the page needs a fresh start.